AoeStats
← One Bad Koala

Golden Pit

510109526Analyzed
1v1 RM · 2d ago on Sep 29, 2026· 29m 14s· 2 players
Game mode
Random Map
Map size
Tiny (2 player)
Population
200
Speed
Normal
Resources
Standard
Victory
Conquest
Starting age
Dark Age
Ending age
Imperial Age
RankedLock teamsTeams togetherTeam positionsShared explorationLock speedFull tech treeHidden civsTurbo modeCheats
Victory
Defeat
🇺🇸 Varangians · United States
1029
+15
🇩🇪 Hindustanis · Germany
999
-30
saxleo01
10:30 Feudal Age
9:53 Loom
11:07 Double-Bit Axe
18:09 Castle Age
16:34 Horse Collar
18:24 Scale Barding Armor
19:25 Forging
19:46 Bow Saw
20:27 Bloodlines
22:20 Heavy Plow
24:54 Husbandry
26:31 Fletching
One Bad Koala
6:09 Loom
8:58 Feudal Age
10:08 Double-Bit Axe
16:23 Wheelbarrow
19:27 Castle Age
18:16 Horse Collar
19:02 Scale Barding Armor
19:07 Forging
19:20 Bloodlines
25:16 Scale Mail Armor
25:52 Iron Casting
28:34 Fletching
Connection lost

Rejoining the realm…

Still unreachable

The connection could not be restored.

Session expired

The server has moved on; the page needs a fresh start.